 Dungeon Crawl Stone Soup version 0.14-a0-953-g9e7f188 (webtiles) character file.

141 Psiweapon the Insei (level 4, -2/38 HPs)
             Began as a Naga Transmuter on Nov 21, 2013.
             Slain by a gnoll
             ... wielding a +0,+0 halberd
              (7 damage)
             ... on Level 2 of the Dungeon.
             The game lasted 00:07:41 (1884 turns).

Psiweapon the Insei (Naga Transmuter)               Turns: 1884, Time: 00:07:41

HP  -2/38        AC  4     Str 12      XL: 4   Next: 32%
MP   6/6         EV 10     Int 14      God:
Gold 65          SH  0     Dex 12      Spells:  1 memorised,  6 levels left

Res.Fire  : + . .   See Invis. : +     - Unarmed
Res.Cold  : + . .   Warding    : .   n - +2 robe {rC+ rF+}
Life Prot.: . . .   Conserve   : .   (no shield)
Res.Poison: +       Res.Corr.  : .   k - +0 cap
Res.Elec. : .       Clarity    : .   (no cloak)
Sust.Abil.: . .     Spirit.Shd : .   (no gloves)
Res.Mut.  : .       Stasis     : .   (no barding)
Res.Rott. : .       Flight     : .   (no amulet)
Saprovore : . . .                    (no ring)
                                     (no ring)

@: short of breath, very slow, slightly resistant to hostile enchantments,
fairly stealthy
A: spit poison, see invisible, deformed body, poison resistance, slowness 2, AC
+1
a: Spit Poison


You were on level 2 of the Dungeon.
You were not hungry.

You visited 1 branch of the dungeon, and saw 2 of its levels.

You collected 65 gold pieces.

Inventory:

Missiles
 b - 12 arrows
 q - 7 tomahawks (quivered)
Armour
 c - a +0 robe
 i - a +0 buckler
 k - a +0 cap (worn)
 n - a +2 robe of resistance (worn)
Comestibles
 a - 2 bread rations
 j - a pear
 l - a meat ration
 m - a choko
 o - a rotting chunk of quokka flesh
 p - a rotting chunk of giant newt flesh
 s - 3 chunks of hobgoblin flesh
Scrolls
 g - a scroll of curse armour {unknown}
 h - 2 scrolls of enchant armour {unknown}
 r - a scroll of identify {unknown}
Potions
 e - a potion of might {unknown}
 f - a potion of heal wounds {unknown}
 t - a potion of agility {unknown}
Books
 d - a book of Changes

   Spells                             Type                      Level
   *Beastly Appendage                 Transmutation                1
   Sticks to Snakes                   Transmutation                2
   Spider Form                        Transmutation/Poison         3
   Ice Form                           Ice/Transmutation            4
   Blade Hands                        Transmutation                5


   Skills:
 + Level 1.5 Fighting
 - Level 2.1 Dodging
 + Level 2.1 Stealth
 + Level 3.6 Unarmed Combat
 - Level 2.0 Spellcasting
 + Level 2.8 Transmutations


You had 6 spell levels left.
You knew the following spells:

 Your Spells              Type           Power        Failure   Level  Hunger
a - Beastly Appendage     Trmt           #.....       10%         1    ##.....


Dungeon Overview and Level Annotations

Branches:
Dungeon (2/16)

Altars:


Innate Abilities, Weirdness & Mutations

You cannot wear boots.
You can spit poison.
Your serpentine skin is tough (AC +1).
You have supernaturally acute eyesight.
Armour fits poorly on your strangely shaped body.
Your system is resistant to poisons.
You cover ground very slowly.


Message History

The gnoll is lightly wounded.
The gnoll hits you but does no damage.
You completely miss the gnoll.
The gnoll is lightly wounded.
Drink which item? (? for menu, Esc to quit)
Okay, then.
You closely miss the gnoll.
Use which ability? (? or * to list)
Press: ? - help, Shift-Dir - straight line, f - gnoll
Aim: a gnoll, wielding a halberd The splash of poison hits the gnoll.
The gnoll is almost dead.
You feel slightly more hungry. The gnoll hits you.
* * * LOW HITPOINT WARNING * * *
You hit the gnoll.
The gnoll is almost dead.
Your horns disappear.
The gnoll barely misses you.
The gnoll hits you from afar with a halberd!
You die...

####### #.....#
#########.###.#
#.........# #.# #
......#######.# ...
#.###.##......#####.....
#.#...##.###...........
#.#.####.###.#####g.#
#.#.####.#....#.@gg.#
#.#.#......##.#.###.###
........................
#.#.######.##.#.#######
#.#...........#.#
#.######......#.# ..#..#
#.######.# ...<.###.#
#.# .<.....#.######.#


You could see 3 gnolls.

Vanquished Creatures
  Jessica (D:2)
  A gnoll (D:2)
  A giant mite (D:1)
  A giant gecko (D:1)
  8 bats (D:1)
  4 giant cockroaches (D:1)
  8 hobgoblins
  4 kobolds
  2 quokkas (D:2)
  2 giant newts (D:2)
  2 goblins (D:1)
  5 rats
39 creatures vanquished.

Notes
Turn   | Place    | Note
--------------------------------------------------------------
     0 | D:1      | Psiweapon, the Naga Transmuter, began the quest for the Orb.
     0 | D:1      | Reached XP level 1. HP: 18/18 MP: 1/1
    99 | D:1      | Reached XP level 2. HP: 19/25 MP: 3/3
   595 | D:1      | Reached XP level 3. HP: 21/31 MP: 1/4
  1555 | D:2      | Noticed Jessica
  1565 | D:2      | Killed Jessica
  1565 | D:2      | Reached skill level 1 in Stealth
  1634 | D:2      | Reached XP level 4. HP: 35/38 MP: 4/6
  1884 | D:2      | Slain by a gnoll

Action                   |  1- 3 |  4- 6 || total
-------------------------+-------+-------++-------
Melee: Unarmed           |    99 |    34 ||   133
 Cast: Beastly Appendage |    16 |     4 ||    20
 Abil: Spit Poison       |     4 |     1 ||     5
 Stab: Sleeping          |       |     2 ||     2
